 Dungeon Crawl Stone Soup version 0.31-a0-963-ga325b2283a (webtiles) character file.

Game seed: 878570695414666823

3040 pokeman the Thaumaturge (level 9, 0/50 HPs)
             Began as a Deep Elf Hedge Wizard on Oct 24, 2023.
             Was an Initiate of Vehumet.
             Killed from afar by a deep elf pyromancer (26 damage)
             ... with a bolt of fire
             ... on level 7 of the Dungeon.
             The game lasted 00:19:40 (6546 turns).

pokeman the Thaumaturge (Deep Elf Hedge Wizard)     Turns: 6546, Time: 00:19:41

Health: 0/50       AC:  9    Str:  7    XL:     9   Next: 56%
Magic:  22/26      EV: 12    Int: 24    God:    Vehumet [......]
Gold:   398        SH:  0    Dex: 14    Spells: 17/31 levels left

rFire   . . .        x - +1 war axe (venom)
rCold   + + .        (no shield)
rNeg    . . .        a - +1 leather armour {rPois}
rPois   +            k - +0 helmet
rElec   .            E - +2 cloak
rCorr   .            y - +0 pair of gloves "Otsoano" {rC++}
SInv    .            (no boots)
Will    .....        A - amulet of magic regeneration
Stlth   ++           e - ring of flight
HPRegen 0.28/turn    (no ring)
MPRegen 0.60/turn

%: no passive effects
@: flying, studying Hexes
A: no striking features
a: Renounce Religion


You were on level 7 of the Dungeon.
You worshipped Vehumet.
Vehumet was noncommittal.
You visited 2 branches of the dungeon, and saw 8 of its levels.

You collected 442 gold pieces.
You spent 44 gold pieces at shops.

Inventory:

Hand Weapons
 m - a +3 quarterstaff of chaos
 x - a +1 war axe of venom (weapon)
Armour
 a - a +1 leather armour of poison resistance (worn)
 k - a +0 helmet (worn)
 y - the +0 pair of gloves "Otsoano" (worn) {rC++}
   (You found it on level 5 of the Dungeon)

   rC++:      It greatly protects you from cold.
 B - the +1 ring mail of the Orcish Mines {Regen+ Str+2 SInv}
   (You found it on level 5 of the Dungeon)

   Str+2:     It affects your strength (+2).
   SInv:      It lets you see invisible.
   Regen+:    It increases your rate of health regeneration.
 E - a +2 cloak (worn)
 F - a +0 pair of boots
Magical Staves
 u - a staff of cold
Jewellery
 e - a ring of flight (left hand)
 n - a ring of ice
 A - an amulet of magic regeneration (around neck)
Wands
 q - a wand of polymorph (13)
 v - a wand of flame (30)
 I - a wand of iceblast (1)
Scrolls
 c - a scroll of summoning {unknown}
 f - a scroll of silence {unknown}
 j - a scroll of fog {unknown}
 l - a scroll of acquirement {unknown}
 r - a scroll of immolation {unknown}
 s - 6 scrolls of identify {unknown}
 t - 3 scrolls of teleportation
 w - a scroll of amnesia {unknown}
 z - a scroll of revelation {unknown}
 C - a scroll of vulnerability {unknown}
 D - a scroll of blinking {unknown}
 G - a scroll of noise {unknown}
 H - a scroll of enchant weapon {unknown}
Potions
 b - a potion of heal wounds {unknown}
 d - 2 potions of magic
 g - 2 potions of cancellation {unknown}
 h - 4 potions of curing {unknown}
 i - 4 potions of enlightenment {unknown}
 o - a potion of mutation {unknown}
 p - a potion of haste {unknown}


   Skills:
 - Level 3.1 Fighting
 + Level 3.5 Armour
 - Level 3.2 Dodging
 - Level 3.0 Stealth
 * Level 11.6 Spellcasting
 + Level 7.5 Conjurations
 - Level 1.1 Summonings
 - Level 1.1 Translocations
 + Level 3.9 Fire Magic
 - Level 1.0 Ice Magic
 - Level 1.2 Air Magic
 - Level 1.0 Poison Magic
 - Level 1.0 Evocations


You had 17 spell levels left.
You knew the following spells:

 Your Spells              Type           Power      Damage    Failure   Level
a - Magic Dart            Conj           100%       1d8       1%          1
b - Mephitic Cloud        Conj/Pois/Air  29%        N/A       4%          3
c - Call Imp              Summ           38%        N/A       6%          2
d - Blink                 Tloc           38%        N/A       6%          2
e - Starburst             Conj/Fire      20%        6d7       67%         6

Your spell library contained the following spells:

 Spells                   Type           Power      Damage    Failure   Level
 Momentum Strike          Conj/Tloc      68%        3d9       1%          2
 Dazzling Flash           Conj/Hex       62%        N/A       4%          3
 Lesser Beckoning         Tloc           38%        N/A       6%          2
 Slow                     Hex            52%        N/A       7%          1
 Cigotuvi's Dreadful Rot  Necr/Pois/Air  34%        N/A       7%          2
 Volatile Blastmotes      Fire/Tloc      52%        2d14      7%          3
 Maxwell's Capacitive Co  Air            9%         ∞         100%        8


Dungeon Overview and Level Annotations

Branches:
Dungeon (7/15)             Temple (1/1) D:7

Altars:
Ashenzari
Cheibriados
Dithmenos
Elyvilon
Fedhas
Gozag
Hepliaklqana
Makhleb
Nemelex Xobeh
Qazlal
Ru
Sif Muna
Trog
Uskayaw
Vehumet
Wu Jian
Xom
Yredelemnul
Zin
The Shining One

Shops:
D:3 *   D:6 *

Annotations:
D:4 Angel behind rock


Message History

Unknown command.
You hit the sleepcap.
The sleepcap is heavily damaged.
The fire elemental closely misses your cerulean imp.
The sleepcap releases spores at you but does no damage.
Your cerulean imp hits the sleepcap but does no damage.
The orc wizard is engulfed in blazing flames.
The orc wizard dies!
The fire elemental hits your cerulean imp.
The fire elemental burns your cerulean imp!
Your cerulean imp dies!
Your cerulean imp disappears in a puff of smoke!
The sleepcap releases spores at you but does no damage.
Unknown command.
Casting: Call Imp (safe; 6% risk of failure)
Confirm with . or Enter, or press ? or * to list all spells.
A tiny devil pulls itself out of the air.
The fire elemental hits your cerulean imp.
The fire elemental burns your cerulean imp!
The sleepcap releases spores at you but does no damage.
Unknown command.
Unknown command.
You slash the sleepcap!
The sleepcap is almost destroyed.
Vehumet accepts your kill.
You feel a bit more experienced.
You destroy the sleepcap!
Vehumet accepts your kill.
The fire elemental misses your cerulean imp.
Your cerulean imp hits the fire elemental with a -3 spear.
The fire elemental misses your cerulean imp.
The deep elf pyromancer points at you and mumbles some strange words.
The bolt of fire hits the fire elemental.
The fire elemental completely resists.
The bolt of fire hits your cerulean imp!!
Your cerulean imp dies!
Your cerulean imp disappears in a puff of smoke!
The bolt of fire hits you!!
Ouch! That really hurt!
You die...

..####....h.....#
..##....☼.......#
.......°○.☼.....#
........°.......#
..[...####e######
...b......))○.#
.....<###..##E##
... #o###.§#####
.). #> ##..@..#
... #.
#####...>.# )..
#. #...# ... #.
### #..


You could see a deep elf pyromancer and a fire elemental (summoned).

Vanquished Creatures
  Pikel (D:6)
  Grinder (D:4)
  Sigmund (D:3)
  A steam dragon (D:5)
  2 yaks
  Edmund (D:4)
  2 water moccasins (D:7)
  An orc warrior (D:7)
  2 ice beasts
  A black bear (D:5)
  2 centaurs (D:5)
  A phantom (D:5)
  3 lemures (D:6)
  A bullfrog (D:6)
  A wight (D:7)
  A killer bee (D:5)
  2 howler monkeys
  A jelly (D:6)
  2 orc priests
  Crazy Yiuf (D:2)
  2 hounds
  Terence (D:3)
  Jessica (D:3)
  10 iguanas
  2 sleepcaps
  3 orc wizards (D:5)
  Robin (D:2)
  4 adders
  4 gnolls (D:4)
  3 shadow imps
  2 worms
  3 dart slugs
  11 orcs
  3 ball pythons
  5 endoplasms
  3 giant cockroaches
  12 goblins
  9 hobgoblins
  2 jackals (D:5)
  A quokka (D:4)
  3 bats
  3 frilled lizards
  6 kobolds
  3 rats
125 creatures vanquished.

Vanquished Creatures (collateral kills)
  An orc priest (D:5)
  Ijyb (D:4)
  An orc (D:5)
  A jackal (D:5)
4 creatures vanquished.

Vanquished Creatures (others)
  An orc wizard (D:7)
1 creature vanquished.

Grand Total: 130 creatures vanquished

Notes
Turn   | Place    | Note
-------+----------+-------------------------------------------
     0 | D:1      | pokeman the Deep Elf Hedge Wizard began the quest for the
                  | Orb.
     0 | D:1      | Reached XP level 1. HP: 10/10 MP: 7/7
   503 | D:1      | Reached XP level 2. HP: 15/15 MP: 7/9
   925 | D:2      | Noticed Robin
  1068 | D:2      | Reached skill level 5 in Spellcasting
  1155 | D:2      | Reached XP level 3. HP: 20/20 MP: 5/11
  1159 | D:2      | Learned a level 3 spell: Mephitic Cloud
  1162 | D:2      | Learned a level 2 spell: Call Imp
  1165 | D:2      | Learned a level 2 spell: Blink
  1196 | D:2      | Killed Robin
  1331 | D:2      | Found a faded altar of an unknown god.
  1616 | D:2      | Reached skill level 1 in Fighting
  1768 | D:2      | Found a runed translucent door.
  1769 | D:2      | Noticed Crazy Yiuf
  1781 | D:2      | Killed Crazy Yiuf
  1782 | D:2      | Reached skill level 1 in Armour
  1782 | D:2      | Reached XP level 4. HP: 25/25 MP: 1/13
  1915 | D:3      | Noticed Jessica
  1921 | D:3      | Killed Jessica
  2207 | D:3      | Reached skill level 6 in Spellcasting
  2207 | D:3      | Reached XP level 5. HP: 29/29 MP: 6/15
  2313 | D:3      | Noticed Sigmund
  2320 | D:3      | Killed Sigmund
  2321 | D:3      | Reached XP level 6. HP: 35/35 MP: 12/17
  2607 | D:3      | Found a transporter.
  2610 | D:3      | Found Cero's General Store.
  2644 | D:3      | Found a transporter.
  2654 | D:3      | Bought a scroll of teleportation for 33 gold pieces
  2654 | D:3      | Bought a potion of degeneration for 11 gold pieces
  2707 | D:3      | Noticed Terence
  2717 | D:3      | Killed Terence
  2718 | D:3      | Reached skill level 7 in Spellcasting
  3043 | D:4      | Noticed Ijyb
  3062 | D:4      | Killed Ijyb
  3097 | D:4      | Noticed Grinder
  3109 | D:4      | Paralysed by Grinder for 3 turns
  3131 | D:4      | Killed Grinder
  3132 | D:4      | Reached skill level 5 in Conjurations
  3132 | D:4      | Reached XP level 7. HP: 22/40 MP: 13/19
  3459 | D:4      | Found a hazy altar of Hepliaklqana.
  3459 | D:4      | Noticed Edmund
  3519 | D:4      | Killed Edmund
  3742 | D:4      | Reached skill level 1 in Evocations
  3808 | D:4      | Noticed an angel
  3809 | D:4      | Found a glowing silver altar of Zin.
  3996 | D:4      | Found an opulent altar of Gozag.
  4389 | D:5      | Entered Level 5 of the Dungeon
  4399 | D:5      | Identified the +0 pair of gloves "Otsoano" {rC++}
  4429 | D:5      | Reached skill level 8 in Spellcasting
  4455 | D:5      | Reached skill level 1 in Ice Magic
  4464 | D:5      | Reached skill level 1 in Poison Magic
  4489 | D:5      | Reached skill level 1 in Air Magic
  4489 | D:5      | Reached XP level 8. HP: 26/44 MP: 9/22
  4586 | D:5      | Reached skill level 9 in Spellcasting
  4775 | D:5      | Learned a level 6 spell: Starburst
  4887 | D:5      | Identified the +1 ring mail of the Orcish Mines {Regen+
                  | Str+2 SInv}
  4910 | D:5      | Reached skill level 1 in Fire Magic
  5179 | D:5      | Reached skill level 10 in Spellcasting
  5252 | D:5      | Found a snail-covered altar of Cheibriados.
  5319 | D:5      | Found a sacrificial altar of Ru.
  5515 | D:6      | Reached XP level 9. HP: 48/50 MP: 25/25
  5686 | D:6      | Noticed Pikel
  5737 | D:6      | Killed Pikel
  5738 | D:6      | Reached skill level 11 in Spellcasting
  6210 | D:6      | Found a white marble altar of Elyvilon.
  6210 | D:6      | Found a sparkling altar of Nemelex Xobeh.
  6282 | D:6      | Found Fiffigh's Fire Supplies.
  6463 | D:7      | Found a staircase to the Ecumenical Temple.
  6468 | Temple   | Found a transporter.
  6468 | Temple   | Found a transporter.
  6468 | Temple   | Found a transporter.
  6468 | Temple   | Found a transporter.
  6468 | Temple   | Entered the Ecumenical Temple
  6494 | Temple   | Became a worshipper of Vehumet
  6535 | D:7      | Noticed a deep elf pyromancer
  6546 | D:7      | Killed from afar by a deep elf pyromancer

Illustrated notes

Levels and vault maps discovered:
D:1:      minmay_arrival_plants_in_alcoves, layout_basic
D:2:      layout_loops_ring, shapermc_ecumenical_altar_mp_highgroup,
          chequers_serial_rivers_micro_b, uniq_crazy_yiuf_cottage, uniq_robin
D:3:      layout_loops_ring, serial_shops, nicolae_shop_drivethru,
          kennysheep_generic_room_16, uniq_terence, uniq_sigmund, uniq_jessica
D:4:      layout_loops_ring, mainiacjoe_overflow_cross_hatched, zin_angel,
          lemuel_tele_altar, uniq_grinder, uniq_ijyb, uniq_edmund
D:5:      cheibrodos_barr_body, layout_rooms,
          nicolae_ru_great_annihilating_truth, lemuel_coloured_pillars_altar,
          serial_rivers, chequers_serial_rivers_room_a,
          chequers_serial_rivers_micro_b, chequers_serial_rivers_micro_c,
          chequers_serial_rivers_room_b, chequers_serial_rivers_large_a,
          dk_noncrumbling_4, minmay_manual_mares
D:6:      layout_basic, gammafunk_temple_overflow_statue, nicolae_shop_fire_sale
          [nicolae_sub_dead_trees], uniq_pikel
D:7:      layout_rooms, minmay_temple_entry_butterflies,
          minmay_manual_monstrance
Temple:   hellmonk_temple_divided_pantheon

Skill      XL: |  1  2  3  4  5  6  7  8  9 |
---------------+----------------------------+-----
Spellcasting   | 5 6 7 8 10 11 | 11.6
Fighting       | 1 2 3 |  3.1
Armour         | 1 2 3 |  3.5
Conjurations   | 2 3 5 6 7 |  7.5
Stealth        | 3 |  3.0
Dodging        | 3 |  3.2
Evocations     | 1 |  1.0
Ice Magic      | 1 |  1.0
Poison Magic   | 1 |  1.0
Air Magic      | 1 |  1.2
Fire Magic     | 2 3 |  3.9
Summonings     | |  1.1
Translocations | |  1.1

Action                     |  1- 3 |  4- 6 |  7- 9 || total
---------------------------+-------+-------+-------++-------
  Melee: Dagger            |    14 |    34 |     6 ||    54
         Halberd           |       |     4 |       ||     4
         Punch             |       |     2 |     1 ||     3
         War axe           |       |       |   107 ||   107
         Quarterstaff      |       |       |    14 ||    14
   Cast: Magic Dart        |    72 |    41 |   153 ||   266
         Mephitic Cloud    |     2 |     3 |    21 ||    26
         Call Imp          |       |     2 |     7 ||     9
         Blink             |       |       |     1 ||     1
   Stab: Confused          |     1 |     3 |    13 ||    17
         Sleeping          |       |     1 |       ||     1
         Distracted        |       |     1 |       ||     1
         Paralysed         |       |       |     2 ||     2
 Armour: Robe              |     9 |       |       ||     9
         Leather armour    |       |    14 |   114 ||   128
  Dodge: Dodged            |    14 |    21 |   110 ||   145

Table legend: (Time is in decaauts)
 A = Elapsed time spent in this place.
 B = Non-inter-level travel time spent in this place.
 C = Inter-level travel time spent in this place.
 D = Time resting spent in this place.
 E = Time spent auto-exploring this place.
 F = Levels seen in this place.
 G = Mean time per level.
                   A        B        C        D        E       F      G
               +--------+--------+--------+--------+--------+-----+--------+
         Total |   6603 |   6368 |    235 |     23 |   5249 |   8 |  825.4 |
       Dungeon |   6559 |   6324 |    235 |     23 |   5249 |   7 |  937.0 |
        Temple |     43 |     43 |      0 |      0 |      0 |   1 |   43.0 |
               +--------+--------+--------+--------+--------+-----+--------+

Top non-repeatable levels by time:
     D:4: 1385 daAuts
     D:2: 1337 daAuts
     D:3: 1091 daAuts
     D:5: 1056 daAuts
     D:6: 1038 daAuts
     D:1: 576 daAuts
     D:7: 73 daAuts
  Temple: 43 daAuts
